[Event "Team 45 45 League T65"]
[Site "Internet Chess Club"]
[Date "2015.07.10"]
[Round "6"]
[White "lacibacsi"]
[Black "SaltofLife"]
[Result "1/2-1/2"]
[WhiteElo "2069"]
[BlackElo "1899"]
[Opening "Queen's pawn game"]
[ECO "A46"]
[Time "15:30:47"]
[TimeControl "2700+45"]

1. d4 Nf6 2. Nf3 e6 3. Bf4 Nh5 4. Bg3 Nxg3 5. hxg3 d6 6. e3 Be7 7. Bd3 h6 8.
Nbd2 b6 9. c3 Bb7 10. Qe2 Nd7 11. O-O-O Bf6 12. Ne4 Qe7 13. g4 O-O-O 14. Nfd2 d5
15. Nxf6 Qxf6 16. f4 c5 17. g3 Qe7 18. Rhe1 Kb8 19. Kb1 g6 20. e4 cxd4 21. cxd4
Qb4 22. Nf3 Nf6 23. Ne5 dxe4 24. Ba6 Rhf8 25. Bxb7 Kxb7 26. g5 hxg5 27. fxg5 Nd5
28. Qxe4 Qe7 29. Rf1 {Game drawn by mutual agreement} 1/2-1/2

[Event "Team 45 45 League T65"]
[Site "Internet Chess Club"]
[Date "2015.07.12"]
[Round "6"]
[White "fledermaus"]
[Black "Tobiasdelmonte"]
[Result "0-1"]
[WhiteElo "1919"]
[BlackElo "1779"]
[Opening "QGD: Tarrasch, Prague variation, 9.Bg5"]
[ECO "D34"]
[Time "15:00:32"]
[TimeControl "2700+45"]

1. Nf3 d5 2. d4 c5 3. c4 e6 4. cxd5 exd5 5. Nc3 Nc6 6. g3 Nf6 7. Bg2 Be7 8. O-O
O-O 9. Bg5 c4 10. Ne5 Be6 11. b3 h6 12. Nxc6 bxc6 13. Bf4 Qa5 14. Na4 Rac8 15.
bxc4 dxc4 16. e4 Rfd8 17. Bd2 Bb4 18. Bxb4 Qxb4 19. a3 Qe7 20. Qd2 Qd7 21. Qa5
Qxd4 22. Nc5 Bg4 23. Rfe1 Rb8 24. h3 Rb5 25. Qxa7 Be2 26. Rab1 Rxc5 27. Rxe2 Rb5
{White resigns} 0-1

[Event "Team 45 45 League T65"]
[Site "Internet Chess Club"]
[Date "2015.07.14"]
[Round "6"]
[White "JPSVI"]
[Black "jonesey"]
[Result "1-0"]
[WhiteElo "1543"]
[BlackElo "1858"]
[Opening "Benkö gambit"]
[ECO "A57"]
[Time "18:04:24"]
[TimeControl "2700+45"]

1. d4 Nf6 2. c4 c5 3. d5 b5 4. Qc2 bxc4 5. e4 Ba6 6. Be3 g6 7. h3 Bg7 8. Nd2 Qa5
9. Ne2 O-O 10. Nc3 d6 11. Rb1 Nbd7 12. Nxc4 Qc7 13. Bd3 Rab8 14. O-O Rb4 15. Qe2
Rfb8 16. a3 Rb3 17. Rfc1 Ne8 18. Qc2 Qd8 19. f4 Nef6 20. Bf2 Nxe4 21. Nxe4 Bxc4
22. Bxc4 Rxb2 23. Rxb2 Rxb2 24. Qd3 Qa5 25. Be1 Qa4 26. Bc3 Bd4+ 27. Kh2 Bxc3
28. Qxc3 Rb8 29. Re1 Nb6 30. Ba2 f5 31. Ng3 Qxf4 32. Rxe7 Qd4 33. Qxd4 cxd4 34.
Rxa7 d3 35. Nf1 Re8 36. Bb1 Re1 37. Bxd3 Nxd5 38. Bc4 Kh8 39. Bxd5 Rxf1 40. a4
Rd1 41. Bf3 Ra1 42. a5 {Black resigns} 1-0

[Event "Team 45 45 League T65"]
[Site "Internet Chess Club"]
[Date "2015.07.13"]
[Round "6"]
[White "parrot9"]
[Black "fireball"]
[Result "1-0"]
[WhiteElo "1598"]
[BlackElo "1565"]
[Opening "French: Tarrasch, closed variation"]
[ECO "C05"]
[Time "14:33:34"]
[TimeControl "2700+45"]

1. e4 e6 2. d4 d5 3. Nd2 Nf6 4. e5 Nfd7 5. Bd3 c5 6. c3 Nc6 7. Ndf3 cxd4 8. cxd4
f6 9. exf6 Nxf6 10. Ne2 Bd6 11. O-O O-O 12. Bf4 Bxf4 13. Nxf4 Qd6 14. g3 e5 15.
dxe5 Nxe5 16. Nxe5 Qxe5 17. Qb3 Kh8 18. Rfe1 Qd4 19. Rad1 Ng4 20. Qc2 Qf6 21.
Bxh7 Qh6 22. Ng6+ Kxh7 23. Nxf8+ Kg8 24. Ng6 Qxh2+ 25. Kf1 Qh3+ 26. Ke2 Nf6 27.
Ne7+ Kf7 28. Nxc8 Rxc8 29. Qb3 Qg4+ 30. Kf1 Rh8 31. Kg2 Qh3+ 32. Kf3 Qg4+ 33.
Ke3 Re8+ 34. Kd3 Qf3+ 35. Re3 Rxe3+ 36. fxe3 Qe4+ 37. Kd2 Qg2+ 38. Kc1 Qxg3 39.
Qxb7+ Kg6 40. Qxa7 Qf2 41. Qd4 Kf7 42. a4 Qe2 43. Qd3 Qg4 44. Qd4 Qe6 45. b4
Qc6+ 46. Kb2 Qxa4 47. Rc1 Qb5 48. Rc7+ Kg6 49. Qf4 Qe2+ 50. Rc2 Qa6 51. Rg2+ Kh7
52. Qh2+ Kg8 53. Qb8+ Kh7 54. Rh2+ Kg6 55. Qg3+ Kf7 56. Qc7+ Kg8 57. Rg2 Ne8 58.
Qe5 Qf6 59. Qxf6 Nxf6 60. Kc3 Kf7 61. Kd4 Ke6 62. Rxg7 Ne8 63. Rg6+ Kd7 64. Kxd5
Nc7+ 65. Kc5 Ne6+ 66. Rxe6 Kxe6 67. Kc6 {Black resigns} 1-0

[Event "Team 45 45 League T65"]
[Site "Internet Chess Club"]
[Date "2015.07.09"]
[Round "6"]
[White "modiglani"]
[Black "fishhead"]
[Result "0-1"]
[WhiteElo "1922"]
[BlackElo "1835"]
[Opening "Sicilian"]
[ECO "B50"]
[Time "14:07:54"]
[TimeControl "2700+45"]

1. e4 c5 2. Nf3 d6 3. g3 Nf6 4. d3 g6 5. Bg2 Bg7 6. O-O O-O 7. c3 Nc6 8. h3 Qc7
9. Na3 a6 10. Re1 b5 11. d4 e5 12. d5 Ne7 13. c4 Bd7 14. Qe2 b4 15. Nc2 a5 16.
Nh4 Ne8 17. f4 f5 18. exf5 Nxf5 19. Nxf5 Bxf5 20. Ne3 Bc8 21. Ng4 h5 22. Nh2 h4
23. fxe5 Bxe5 24. gxh4 Bg3 25. Rf1 Rxf1+ 26. Qxf1 Bxh4 27. Bh6 Bf5 28. Qf4 Bf6
29. Qd2 Ng7 30. Re1 Qd7 31. Bg5 Bd4+ 32. Be3 Bxe3+ 33. Rxe3 Re8 34. Qe2 Rxe3 35.
Qxe3 Qe8 36. Qxe8+ Nxe8 37. Kf2 Kg7 38. Ke3 Kf6 39. Nf3 Ng7 40. h4 Bb1 41. a3
Nf5+ 42. Kf2 Be4 43. axb4 axb4 44. Ne1 Ke5 45. h5 gxh5 46. Bh3 Kd4 47. Bf1 Ne3
48. b3 Nc2 49. Be2 h4 50. Bd1 Kc3 {White resigns} 0-1

[Event "Team 45 45 League T65"]
[Site "Internet Chess Club"]
[Date "2015.07.12"]
[Round "6"]
[White "no3"]
[Black "bradleyguo175"]
[Result "0-1"]
[WhiteElo "1693"]
[BlackElo "1743"]
[Opening "King's Indian: Andersson variation"]
[ECO "E92"]
[Time "16:00:41"]
[TimeControl "2700+45"]

1. d4 Nf6 2. c4 g6 3. Nc3 Bg7 4. e4 d6 5. Nf3 O-O 6. Be2 e5 7. dxe5 dxe5 8. Qc2
Nc6 9. Be3 Bg4 10. Rd1 Qe7 11. a3 Rad8 12. O-O Rxd1 13. Rxd1 Rd8 14. Nd5 Nxd5
15. cxd5 Nb8 16. Bxa7 b6 17. Bxb8 Rxb8 18. Rc1 Rc8 19. Qc6 Bh6 20. Rc3 Qd6 21.
Qxd6 cxd6 22. Rxc8+ Bxc8 23. b3 Bg4 24. Kf1 f5 25. exf5 Bxf5 26. Ke1 Bc1 27. a4
Bc2 28. Bd1 Be4 29. g3 Bxd5 30. Nd2 Bb2 31. Ke2 Bd4 32. f3 Kf7 33. Kd3 Kf6 34.
b4 Bg1 35. h3 Bf2 36. Nf1 Bb7 37. Ke2 Bd4 38. Ne3 Ba6+ 39. b5 Bb7 40. Bb3 h6 41.
Nc4 Bc5 42. a5 bxa5 43. Nxa5 Bc8 44. h4 Bd7 45. Bc4 Ke7 46. Nb3 Be6 47. Bxe6
Kxe6 48. g4 Bb6 49. Kd3 h5 50. Nd2 Bf2 51. gxh5 gxh5 52. Ne4 Bxh4 53. b6 Bd8 54.
b7 Bc7 55. Kc3 Kf5 56. Kc4 Kf4 57. Kd5 Kxf3 58. Nxd6 h4 59. Nb5 Bb8 60. Nc3 h3
61. Ne4 Kg2 62. Nc5 h2 63. Nd7 Ba7 64. b8=Q Bxb8 65. Nxb8 h1=Q 66. Kxe5 Qh2+
{White resigns} 0-1

[Event "Team 45 45 League T65"]
[Site "Internet Chess Club"]
[Date "2015.07.14"]
[Round "6"]
[White "Innes"]
[Black "xt"]
[Result "0-1"]
[WhiteElo "1583"]
[BlackElo "1747"]
[Opening "Sicilian: Smith-Morra gambit"]
[ECO "B21"]
[Time "18:04:04"]
[TimeControl "2700+45"]

1. e4 c5 2. d4 cxd4 3. c3 dxc3 4. Nxc3 d6 5. Nf3 e6 6. Be3 Be7 7. Bd3 Nc6 8. O-O
Nf6 9. Qe2 Bd7 10. Rac1 O-O 11. Rfd1 a6 12. Bb1 b5 13. e5 Nxe5 14. Nxe5 dxe5 15.
Ne4 Nd5 16. Qh5 f5 17. Ng5 h6 18. Nf3 Bd6 19. g4 Be8 20. Qh3 fxg4 21. Qxg4 Qf6
22. Nh4 Be7 23. Ng6 Nxe3 24. Nxe7+ Qxe7 25. fxe3 Qg5 26. Qxg5 hxg5 27. Rd6 Bf7
28. Rc7 Rfd8 29. Rxd8+ Rxd8 30. Be4 Kf8 31. Kf2 Rd2+ 32. Kg3 Rxb2 33. Rc8+ Ke7
34. Rc7+ Kf6 35. Rc2 Rxc2 36. Bxc2 Bg6 37. Bb3 Bf5 38. h3 a5 39. a4 bxa4 40.
Bxa4 Ke7 41. Bc6 Kd6 42. Ba4 Kc5 43. h4 gxh4+ 44. Kxh4 Kb4 45. Bd1 a4 46. Kg3 a3
47. Kf3 a2 48. e4 Bg6 {White resigns} 0-1

[Event "Team 45 45 League T65"]
[Site "Internet Chess Club"]
[Date "2015.07.10"]
[Round "6"]
[White "LiangLiang"]
[Black "XGG123"]
[Result "1-0"]
[WhiteElo "1848"]
[BlackElo "1312"]
[Opening "Sicilian: dragon, Yugoslav attack, 10.O-O-O"]
[ECO "B78"]
[Time "13:00:36"]
[TimeControl "2700+45"]

1. e4 c5 2. Nf3 d6 3. d4 cxd4 4. Nxd4 Nf6 5. Nc3 g6 6. Be3 Bg7 7. f3 O-O 8. Qd2
Nc6 9. Bc4 Bd7 10. O-O-O Rc8 11. Bb3 Ne5 12. h4 h5 13. Bg5 Rc5 14. Nd5 Nxd5 15.
Bxd5 Nc4 16. Qe2 Bb5 17. Nxb5 Nxb2 18. Be3 Nxd1 19. Bxc5 dxc5 20. Rxd1 Qa5 21.
Qd3 a6 22. Na3 Rd8 23. Qb3 e6 24. Nc4 Qc7 25. Bxb7 Bh6+ 26. Ne3 Bxe3+ 27. Qxe3
Rxd1+ 28. Kxd1 Qxb7 29. Qxc5 Qb1+ 30. Kd2 Qxa2 31. g4 hxg4 32. fxg4 a5 33. h5
Qa4 34. Ke3 Qb4 35. Qxb4 axb4 36. hxg6 fxg6 37. Kd4 Kf7 38. Kc4 Kf6 39. Kxb4 Ke5
40. c4 Kxe4 41. c5 Kd5 42. Kb5 e5 43. c6 Kd6 44. Kb6 e4 45. c7 e3 {Black
resigns} 1-0

[Event "Team 45 45 League T65"]
[Site "Internet Chess Club"]
[Date "2015.07.13"]
[Round "6"]
[White "room-matt"]
[Black "joebobpop"]
[Result "1/2-1/2"]
[WhiteElo "1881"]
[BlackElo "1913"]
[Opening "Vienna game"]
[ECO "C28"]
[Time "12:10:52"]
[TimeControl "2700+45"]

1. e4 e5 2. Bc4 Nc6 3. Nc3 Nf6 4. d3 Bc5 5. f4 d6 6. Nf3 Bd7 7. Na4 Bb6 8. Nxb6
axb6 9. O-O h6 10. fxe5 dxe5 11. Qe2 Qe7 12. a3 Bg4 13. Be3 O-O 14. h3 Bh5 15.
Qf2 Rad8 16. Nh4 Qd7 17. g4 Bxg4 18. hxg4 Nxg4 19. Qg3 Nxe3 20. Qxe3 Qg4+ 21.
Ng2 Nd4 22. Rf2 Rd6 23. Raf1 Rg6 24. c3 Ne6 25. Bxe6 Qxe6 26. Rf3 Qg4 27. R1f2
h5 28. Kf1 h4 29. Rh3 Rh6 30. Qf3 Qxf3 31. Rfxf3 g5 32. Ne3 Rg6 33. Nd5 g4 34.
Ne7+ Kg7 35. Nf5+ Kg8 36. Ne7+ Kg7 37. Nxg6 Kxg6 38. Rxh4 gxf3 39. Rh3 f5 40.
Rxf3 f4 41. Ke2 Rh8 42. d4 Kf6 43. Kd3 Rh2 44. b3 b5 45. c4 bxc4+ 46. Kxc4 Rd2
47. Kc3 Rd1 48. d5 Kg5 49. Kc2 Rd4 50. Rc3 f3 51. Rxf3 Rxe4 52. Rc3 Rd4 53. Rxc7
Rxd5 54. Rxb7 Kf4 55. Kc3 e4 56. Kc4 Rd1 57. Rf7+ Ke3 58. Re7 Kf3 59. a4 e3 60.
Rf7+ Kg2 61. Re7 Kf2 62. Rf7+ {Game drawn by mutual agreement} 1/2-1/2

[Event "Team 45 45 League T65"]
[Site "Internet Chess Club"]
[Date "2015.07.12"]
[Round "6"]
[White "SAC2001"]
[Black "Goli"]
[Result "1-0"]
[WhiteElo "1779"]
[BlackElo "1713"]
[Opening "Ruy Lopez: closed, 7...O-O"]
[ECO "C88"]
[Time "11:15:15"]
[TimeControl "2700+45"]

1. e4 e5 2. Nf3 Nc6 3. Bb5 a6 4. Ba4 Nf6 5. O-O Be7 6. Re1 b5 7. Bb3 O-O 8. h3
Bc5 9. a4 b4 10. c3 a5 11. d4 exd4 12. cxd4 Bb6 13. Bg5 h6 14. Bh4 d6 15. Qd3
Re8 16. Qc4 Qd7 17. Bxf6 gxf6 18. Nbd2 Ba6 19. Qd5 Bb7 20. Nc4 Nxd4 21. Qxb7
Nxb3 22. Nxb6 Qd8 23. Nxa8 Nxa1 24. Rxa1 Qxa8 25. Qxa8 Rxa8 26. b3 Re8 27. Nd2
Kg7 28. f3 Re5 29. Rc1 c5 30. Nc4 Rg5 31. Nxd6 {Black resigns} 1-0

[Event "Team 45 45 League T65"]
[Site "Internet Chess Club"]
[Date "2015.07.12"]
[Round "6"]
[White "Duguesclin"]
[Black "andrewliang"]
[Result "1-0"]
[WhiteElo "1683"]
[BlackElo "1644"]
[Opening "Grünfeld: 4.Bf4"]
[ECO "D82"]
[Time "12:37:24"]
[TimeControl "2700+45"]

1. d4 Nf6 2. c4 g6 3. Nc3 d5 4. Bf4 a6 5. c5 Bg7 6. h3 O-O 7. e3 Nc6 8. a3 Re8
9. Nf3 Nh5 10. Bh2 e5 11. Be2 exd4 12. exd4 Qe7 13. O-O Qf6 14. Nxd5 Qd8 15.
Nxc7 Nxd4 16. Nxd4 Qxd4 17. Qxd4 Bxd4 18. Nxe8 Bxh3 19. Nc7 Rc8 20. gxh3 Bxc5
21. Bxh5 gxh5 22. Rac1 Bf8 23. Nd5 Rd8 24. Rfd1 Bh6 25. Rc7 Kg7 26. Be5+ Kf8 27.
Bf6 Re8 28. Rxb7 Kg8 29. Ne7+ Kf8 30. Nf5 Bf4 31. Rdd7 Kg8 32. Rxf7 Re1+ 33. Kg2
a5 34. Rg7+ Kf8 35. Rbd7 Re8 36. Rdf7# {Black checkmated} 1-0

[Event "Team 45 45 League T65"]
[Site "Internet Chess Club"]
[Date "2015.07.10"]
[Round "6"]
[White "TillyChess"]
[Black "Goldenberg"]
[Result "1/2-1/2"]
[WhiteElo "2161"]
[BlackElo "2075"]
[Opening "Sicilian: closed"]
[ECO "B23"]
[Time "16:03:56"]
[TimeControl "2700+45"]

1. e4 c5 2. Nc3 g6 3. f4 Bg7 4. Nf3 Nc6 5. Bb5 Nd4 6. O-O Nxb5 7. Nxb5 d5 8.
exd5 a6 9. Nc3 Nf6 10. d4 Nxd5 11. dxc5 Nxc3 12. Qxd8+ Kxd8 13. bxc3 Bxc3 14.
Rb1 Kc7 15. Rb3 Bg7 16. Bd2 Be6 17. Ba5+ Kc6 18. Rb6+ Kxc5 19. Nd2 Bxa2 20. Re1
Bd4+ 21. Kf1 Rhe8 22. c3 Bg7 23. Ne4+ Kd5 24. Kf2 Rac8 25. Kf3 Rc6 26. Rxb7 Ke6
27. Ng5+ Kd6 28. Bb4+ Kd5 29. Rd1+ Kc4 30. Ba5 f5 31. Rb4+ Kc5 32. Rb7 Bd5+ 33.
Kg3 h6 34. c4 Kxc4 35. Nf3 Bxf3 36. Kxf3 Bf6 37. Rb4+ Kc5 38. Rbb1 Rec8 39. g3
g5 40. h3 h5 41. fxg5 Bxg5 42. h4 Bh6 43. Bb4+ Kc4 44. Bxe7 {Game drawn by
mutual agreement} 1/2-1/2

[Event "Team 45 45 League T65"]
[Site "Internet Chess Club"]
[Date "2015.07.12"]
[Round "6"]
[White "RickyWang"]
[Black "modiglani"]
[Result "1-0"]
[WhiteElo "1912"]
[BlackElo "1912"]
[Opening "Scandinavian defense"]
[ECO "B01"]
[Time "13:00:37"]
[TimeControl "2700+45"]

1. e4 d5 2. exd5 Nf6 3. d4 Bg4 4. Bb5+ Nbd7 5. f3 Bf5 6. c4 a6 7. Ba4 b5 8. cxb5
Nxd5 9. Nc3 Nb4 10. Ne4 axb5 11. Bxb5 c6 12. Bc4 e6 13. Ne2 Nb6 14. Bb3 c5 15.
O-O c4 16. Bc2 Nxa2 17. Bf4 Nb4 18. Rxa8 Qxa8 19. N2g3 N4d5 20. Nxf5 Nxf4 21.
Nfd6+ Bxd6 22. Nxd6+ Ke7 23. Qd2 Nbd5 24. Nxc4 Rc8 25. b3 Qa2 26. Rb1 Kf8 27.
Rb2 Qa7 28. Be4 Qa1+ 29. Bb1 Ra8 30. g3 Ng6 31. Kg2 Qa7 32. Ra2 Qb8 33. Rxa8
Qxa8 34. Be4 Qb8 35. Qa5 Nge7 36. b4 f5 37. Bxd5 exd5 38. Ne5 Qc8 39. Qc5 Qa8
40. b5 Qa2+ 41. Kh3 Qd2 42. Qd6 {Black resigns} 1-0

[Event "Team 45 45 League T65"]
[Site "Internet Chess Club"]
[Date "2015.07.14"]
[Round "6"]
[White "gera-carp75"]
[Black "ausya"]
[Result "1-0"]
[WhiteElo "1905"]
[BlackElo "1721"]
[Opening "Sicilian: closed"]
[ECO "B23"]
[Time "20:03:53"]
[TimeControl "2700+45"]

1. e4 c5 2. Nc3 g6 3. Bc4 Nc6 4. d3 Bg7 5. a3 Nf6 6. Nf3 O-O 7. O-O d6 8. h3 Nd7
9. Ba2 Nde5 10. Nxe5 Bxe5 11. Bh6 Bg7 12. Bxg7 Kxg7 13. f4 Nd4 14. f5 gxf5 15.
exf5 f6 16. Rf4 Qe8 17. Nd5 Nxf5 18. Nc7 Qc6 19. Nxa8 e6 20. Qf3 d5 21. Re1 Nd4
22. Qg3+ Kh8 23. Rf2 e5 24. Rxe5 Rg8 25. Qxg8+ Kxg8 26. Bxd5+ Be6 27. Bxc6 fxe5
28. Bxb7 Nb5 29. c4 Nd6 30. Bd5 Bxd5 31. cxd5 c4 32. dxc4 Nxc4 33. Nc7 e4 34.
Ne6 e3 35. Rf8# {Black checkmated} 1-0

[Event "Team 45 45 League T65"]
[Site "Internet Chess Club"]
[Date "2015.07.12"]
[Round "6"]
[White "alexkolay"]
[Black "CaptK"]
[Result "0-1"]
[WhiteElo "1837"]
[BlackElo "1982"]
[Opening "King's Indian: Sämisch, orthodox, 7.d5"]
[ECO "E87"]
[Time "16:00:20"]
[TimeControl "2700+45"]

1. d4 Nf6 2. c4 g6 3. Nc3 Bg7 4. e4 d6 5. f3 O-O 6. Be3 e5 7. d5 a5 8. Bd3 Na6
9. Nge2 Nc5 10. Bc2 Ne8 11. Qd2 f5 12. O-O-O f4 13. Bf2 Bd7 14. h4 h6 15. Rdg1
a4 16. g3 fxg3 17. Rxg3 Kh7 18. Qd1 a3 19. b3 Qb8 20. Qg1 Rf6 21. Bxc5 dxc5 22.
Qxc5 b6 23. Qg1 b5 24. cxb5 Bxb5 25. Qg2 Bxe2 26. Nxe2 Qb6 27. Rg1 Ra6 28. h5 g5
29. f4 exf4 30. e5+ Kg8 31. exf6 fxg3 32. Bh7+ Kxh7 33. Qe4+ Kg8 34. Qxe8+ Bf8
35. Qg6+ Kh8 36. Qf7 Qxf6 37. Qxf6+ Rxf6 38. Nxg3 Rf2 39. Rf1 Rxf1+ 40. Nxf1 Bd6
41. Kd2 Bf4+ 42. Kd3 Kg7 43. b4 Kf6 44. Ke4 Ke7 45. Kf5 Kd6 46. Ke4 c6 47. dxc6
Kxc6 48. Kf5 Kb5 49. Kg6 g4 50. Kh7 g3 51. Nxg3 Bxg3 52. Kxh6 Be5 53. Kg6 Kxb4
54. h6 Bd4 55. h7 Kc3 56. Kf7 Kb2 57. Kg8 Kxa2 58. h8=Q Bxh8 59. Kxh8 Kb3 60.
Kg7 a2 61. Kf6 a1=Q+ 62. Kf5 Qd4 63. Ke6 Qc5 64. Kf6 Qd5 65. Kg6 Qe5 66. Kh6 Qf5
67. Kg7 Qe6 68. Kh7 Qf6 69. Kg8 Qe7 70. Kh8 Kc4 71. Kg8 Kd5 72. Kh8 Ke6 73. Kg8
Kf6 74. Kh8 Qg7# {White checkmated} 0-1

[Event "Team 45 45 League T65"]
[Site "Internet Chess Club"]
[Date "2015.07.13"]
[Round "6"]
[White "searchforbobby1"]
[Black "JJ12"]
[Result "0-1"]
[WhiteElo "2082"]
[BlackElo "2080"]
[Opening "Sicilian: Alapin's variation (2.c3)"]
[ECO "B22"]
[Time "20:13:35"]
[TimeControl "2700+45"]

1. e4 c5 2. c3 g6 3. d4 cxd4 4. cxd4 d5 5. e5 Bg7 6. Nf3 Nh6 7. h3 O-O 8. Nc3
Nc6 9. Bb5 Bf5 10. Bxc6 bxc6 11. O-O Be4 12. Ng5 Qd7 13. Ngxe4 dxe4 14. Nxe4
Rfd8 15. Be3 Nf5 16. Nc5 Qd5 17. Nb7 Rdb8 18. Nc5 Rxb2 19. Nb3 Nxe3 20. Qf3 Qxf3
{White resigns} 0-1

[Event "Team 45 45 League T65"]
[Site "Internet Chess Club"]
[Date "2015.07.12"]
[Round "6"]
[White "Logic"]
[Black "Monterrey"]
[Result "1-0"]
[WhiteElo "2042"]
[BlackElo "1987"]
[Opening "French: Steinitz attack"]
[ECO "C00"]
[Time "15:08:29"]
[TimeControl "2700+45"]

1. e4 e6 2. e5 d5 3. exd6 Bxd6 4. d4 Nc6 5. Nf3 Nge7 6. Bd3 e5 7. dxe5 Nxe5 8.
Nxe5 Bxe5 9. O-O Qd6 10. Nd2 Bxh2+ 11. Kh1 Qh6 12. Nf3 Bf4+ 13. Kg1 Bg4 14. Re1
Bxf3 15. Qxf3 Qh2+ 16. Kf1 Bxc1 17. Raxc1 O-O 18. Rcd1 Nc6 19. c3 Rfe8 20. g3
Ne5 21. Qxb7 c6 22. Be4 Rab8 23. Qc7 Rxb2 24. Bg2 f6 25. Rd7 Qh6 26. Bxc6 Rxf2+
27. Kxf2 Ng4+ 28. Kf3 Re3+ 29. Rxe3 Qxe3+ 30. Kxg4 h5+ 31. Kh3 Qe6+ 32. Kh2
{Black resigns} 1-0

[Event "Team 45 45 League T65"]
[Site "Internet Chess Club"]
[Date "2015.07.10"]
[Round "6"]
[White "chsrules88"]
[Black "Gilligan"]
[Result "1-0"]
[WhiteElo "2020"]
[BlackElo "2025"]
[Opening "Caro-Kann: Steinitz variation"]
[ECO "B17"]
[Time "15:04:35"]
[TimeControl "2700+45"]

1. e4 c6 2. d4 d5 3. Nc3 dxe4 4. Nxe4 Nd7 5. Nf3 Ngf6 6. Nxf6+ Nxf6 7. Ne5 e6 8.
Bd3 Be7 9. O-O O-O 10. c3 c5 11. dxc5 Bxc5 12. Bg5 Be7 13. Qf3 h6 14. Bxf6 Bxf6
15. Qe4 Re8 16. Qh7+ Kf8 17. Bb5 Bxe5 18. Rad1 Bd6 19. Bxe8 Qc7 20. Ba4 Bxh2+
21. Kh1 Be5 22. f4 Bd6 23. Qh8+ Ke7 24. Qxg7 b5 25. Bxb5 Qc5 26. Be2 Ba6 27.
Bxa6 Qh5+ 28. Kg1 Bxf4 29. Rxf4 Qxd1+ 30. Rf1 Qh5 31. Qf6+ Kd6 32. Qxf7 Qc5+ 33.
Qf2 Qg5 34. Qf4+ {Black resigns} 1-0

[Event "Team 45 45 League T65"]
[Site "Internet Chess Club"]
[Date "2015.07.13"]
[Round "6"]
[White "passedpawn"]
[Black "fishhead"]
[Result "0-1"]
[WhiteElo "1767"]
[BlackElo "1909"]
[Opening "King's Indian: London system"]
[ECO "A48"]
[Time "14:21:03"]
[TimeControl "2700+45"]

1. d4 Nf6 2. Nf3 g6 3. Bf4 Nh5 4. Bg5 h6 5. Bd2 Bg7 6. c3 d6 7. h3 Nd7 8. Na3 e5
9. e3 O-O 10. Be2 f5 11. Nh2 Nhf6 12. Qb3+ Kh7 13. dxe5 dxe5 14. Nf3 Qe7 15.
O-O-O c5 16. c4 e4 17. Ne1 Ne5 18. Bc3 Nfd7 19. g3 Nb6 20. Qc2 Be6 21. b3 a5 22.
Kb2 a4 23. Ng2 axb3 24. axb3 Ra6 25. Ra1 Rd8 26. Rhd1 Rxd1 27. Qxd1 Nc6 28. Qd2
Nd7 29. Bxg7 Qxg7+ 30. Qc3 Nde5 31. h4 Nb4 32. Ne1 Rd6 33. Nb5 Rd7 34. Ra7 Rd2+
{White resigns} 0-1

[Event "Team 45 45 League T65"]
[Site "Internet Chess Club"]
[Date "2015.07.11"]
[Round "6"]
[White "LittleButton"]
[Black "Ptzz"]
[Result "0-1"]
[WhiteElo "1870"]
[BlackElo "2027"]
[Opening "Queen's pawn game"]
[ECO "A46"]
[Time "05:01:38"]
[TimeControl "2700+45"]

1. d4 Nf6 2. Nf3 e6 3. c3 b6 4. Bg5 Bb7 5. Nbd2 Be7 6. e3 Ne4 7. Bxe7 Qxe7 8.
Bd3 f5 9. Ne5 Nxd2 10. Qh5+ g6 11. Nxg6 Qf7 {White resigns} 0-1

[Event "Team 45 45 League T65"]
[Site "Internet Chess Club"]
[Date "2015.07.11"]
[Round "6"]
[White "Tobiasdelmonte"]
[Black "Baspofsky"]
[Result "0-1"]
[WhiteElo "1755"]
[BlackElo "1909"]
[Opening "King's Indian: London system"]
[ECO "A48"]
[Time "08:19:04"]
[TimeControl "2700+45"]

1. d4 Nf6 2. Nf3 g6 3. Bf4 Bg7 4. e3 O-O 5. Be2 c5 6. c4 cxd4 7. exd4 d5 8. O-O
Nc6 9. h3 dxc4 10. Bxc4 Na5 11. Be2 Be6 12. Nc3 Rc8 13. Rc1 Nd5 14. Bg5 Nxc3 15.
bxc3 h6 16. Bh4 g5 17. Bg3 Bxa2 18. Qa4 Bc4 19. Rfe1 Re8 20. Be5 b6 21. Bxg7
Kxg7 22. Ne5 Bxe2 23. Rxe2 Qd5 24. Re3 Red8 25. Rf3 f6 26. Ng4 Qb3 27. Qa1 Rc7
28. Re1 Kh7 29. Rfe3 Rdd7 30. Rb1 Qf7 31. Rbe1 h5 32. Qb1+ Qg6 33. Qxg6+ Kxg6
34. Nh2 Nc4 35. Re6 Nd6 36. Nf3 Kf7 37. R6e3 Nb5 38. Rc1 Rd6 39. Rd3 Rdc6 40. c4
Rxc4 41. Rb1 Rc1+ 42. Rxc1 Rxc1+ 43. Kh2 Ke6 44. Nd2 Kd5 45. Re3 Rc7 46. h4 g4
47. f3 gxf3 48. Nxf3 Nxd4 49. Rd3 {White resigns} 0-1

[Event "Team 45 45 League T65"]
[Site "Internet Chess Club"]
[Date "2015.07.10"]
[Round "6"]
[White "tightfist"]
[Black "pishd"]
[Result "0-1"]
[WhiteElo "1538"]
[BlackElo "1782"]
[Opening "Réti opening"]
[ECO "A05"]
[Time "10:36:29"]
[TimeControl "2700+45"]

1. Nf3 Nf6 2. b4 e6 3. b5 d5 4. e3 Bd6 5. Bb2 c5 6. c4 Nbd7 7. Be2 b6 8. O-O O-O
9. Nc3 Bb7 10. Qc2 Qc7 11. d3 Rfe8 12. Rac1 Rad8 13. Rfe1 dxc4 14. dxc4 Bxf3 15.
Bxf3 Bxh2+ 16. Kh1 Bd6 17. Ne4 Be5 18. Red1 Nxe4 19. Bxe4 Nf6 20. Bc6 Bxb2 21.
Qxb2 Rxd1+ 22. Rxd1 Rd8 23. Rxd8+ Qxd8 24. Qe2 Qd6 25. a4 Qe5 26. Qd1 Qh5+ 27.
Qxh5 Nxh5 28. Kh2 Nf6 29. Kg3 Kf8 30. Kf4 Ke7 31. g4 h6 32. f3 Kd6 33. g5 hxg5+
34. Kxg5 Ng8 35. Be8 Nh6 36. Bc6 Nf5 37. Kf4 Nh4 38. Ke4 Ng6 39. f4 f5+ 40. Kd3
e5 41. Be8 e4+ 42. Kc3 Ne7 43. Bh5 Ke6 44. Kb3 Kf6 45. a5 g6 46. axb6 axb6 47.
Bd1 g5 48. fxg5+ Kxg5 49. Kc3 Ng6 50. Kd2 Kh4 51. Be2 Kg3 52. Bh5 Nh4 53. Ke2
Kg2 54. Bf7 Kg3 55. Bh5 f4 56. exf4 Kxf4 57. Bf7 Nf5 58. Bd5 Ke5 59. Bf7 Kd4 60.
Bg6 Nd6 61. Bh7 Nxc4 62. Bg6 Nd6 63. Bh5 Nxb5 64. Be8 Nc3+ 65. Kd2 e3+ 66. Ke1
b5 67. Bg6 b4 68. Bc2 c4 69. Bf5 b3 {White resigns} 0-1

[Event "Team 45 45 League T65"]
[Site "Internet Chess Club"]
[Date "2015.07.11"]
[Round "6"]
[White "hidemitsu"]
[Black "spand42"]
[Result "1/2-1/2"]
[WhiteElo "2216"]
[BlackElo "1999"]
[Opening "Four knights: Scotch, 4...exd4"]
[ECO "C47"]
[Time "14:01:54"]
[TimeControl "2700+45"]

1. e4 e5 2. Nf3 Nc6 3. Nc3 Nf6 4. d4 exd4 5. Nxd4 Bb4 6. Nxc6 bxc6 7. Bd3 O-O 8.
O-O d5 9. exd5 cxd5 10. h3 c6 11. Qf3 Re8 12. Bf4 Bxc3 13. bxc3 Ne4 14. c4 Qf6
15. Rfe1 Bxh3 16. cxd5 cxd5 17. c4 Be6 18. Bxe4 dxe4 19. Qxe4 Rac8 20. Rac1 Bd7
21. Be5 Qc6 22. Qd4 f6 23. Bg3 Rxe1+ 24. Rxe1 Re8 25. Rc1 Be6 26. Qxa7 Bxc4 27.
a4 Qa6 28. Qd7 Ra8 29. a5 Qb5 30. Qg4 Bf7 31. Bc7 Qb2 32. Bf4 h5 33. Qf5 Qa2 34.
Rc8+ Rxc8 35. Qxc8+ Kh7 36. a6 Bc4 37. a7 Bd5 38. Qf5+ Kg8 39. Qxh5 Qb1+ 40. Kh2
Qh7 41. Qh3 g5 42. Bd2 Qxa7 43. Qc8+ Kg7 44. Qf5 Qf7 45. Kg1 Qe6 46. Qc2 {Game
drawn by mutual agreement} 1/2-1/2

[Event "Team 45 45 League T65"]
[Site "Internet Chess Club"]
[Date "2015.07.14"]
[Round "6"]
[White "gtmorton"]
[Black "Epcot"]
[Result "1/2-1/2"]
[WhiteElo "2007"]
[BlackElo "2142"]
[Opening "Queen's pawn: Torre attack"]
[ECO "A46"]
[Time "10:40:11"]
[TimeControl "2700+45"]

1. d4 Nf6 2. Nf3 e6 3. Bg5 d5 4. Nbd2 Be7 5. e3 b6 6. Ne5 O-O 7. Bd3 Bb7 8. Qf3
Nbd7 9. Qh3 h6 10. Bxh6 gxh6 11. Qxh6 Ne4 12. h4 Bf6 13. Bxe4 dxe4 14. Rh3 Bg7
15. Rg3 Qf6 16. Rxg7+ Qxg7 17. Qxg7+ Kxg7 18. Nxd7 Rh8 19. Ne5 Rxh4 20. Ke2 Rah8
21. Rg1 Rh1 22. Kf1 Rxg1+ 23. Kxg1 f6 24. Nec4 Kg6 25. a4 Rh5 26. b4 a6 27. a5
b5 28. Nb2 e5 29. Nb3 exd4 30. Nxd4 Kf7 31. Nb3 Rd5 32. Kf1 Bc8 33. Ke2 Rg5 34.
Kf1 Rh5 35. Kg1 Rd5 36. Kf1 f5 37. Ke2 Rd6 38. Nc5 Rg6 39. g3 Rh6 40. Nd1 Ke7
41. Nc3 Kd6 42. Kd2 Ke5 43. Ke2 Be6 44. Kd2 Bc4 45. Ke1 Bf7 46. Nd7+ Kd6 47. Nc5
Ke7 48. Ne2 Kd6 49. Nxa6 Rh1+ 50. Kd2 Rh2 51. Ke1 Rh1+ 52. Kd2 Rf1 53. Nd4 Rxf2+
54. Ke1 Rg2 55. Nxf5+ Kd7 56. Nc5+ Kc8 57. Kd1 Bh5+ 58. Kc1 Kb8 59. Nd4 Rxg3 60.
Kd2 Rg2+ 61. Kc3 Rg3 62. Nc6+ Ka8 63. Kd4 Bf3 64. Ne6 Bg4 65. Nc5 {Game drawn by
mutual agreement} 1/2-1/2